 Dungeon Crawl Stone Soup version 0.29.1-12-g30fa7ad0bf (webtiles) character file.

Game seed: 2960523579306129029

595 nightchill the Cleaver (level 7, -2/64 HPs)
             Began as a Minotaur Fighter on Jan 16, 2023.
             Slain by a wyvern (12 damage)
             ... on level 5 of the Dungeon.
             The game lasted 00:05:36 (4331 turns).

nightchill the Cleaver (Minotaur Fighter)           Turns: 4331, Time: 00:05:37

Health: -2/64      AC:  9    Str: 25    XL:     7   Next: 17%
Magic:  6/6        EV:  9    Int:  5    God:
Gold:   313        SH:  4    Dex: 10    Spells: 6/6 levels left

rFire   . . .      SeeInvis .   y - +0 war axe (vorpal)
rCold   . . .      Faith    .   c - +0 buckler
rNeg    . . .      Spirit   .   e - +3 scale mail of Fusmeawn {Str+3}
rPois   .          Reflect  .   (helmet restricted)
rElec   .          Harm     .   (no cloak)
rCorr   .          Rampage  .   (no gloves)
Will    .....                   (no boots)
Stlth   ..........              (no amulet)
HPRegen 0.20/turn               (no ring)
MPRegen 0.10/turn               (no ring)

@: no status effects
A: horns 2, retaliatory headbutt
a: no special abilities


You were on level 5 of the Dungeon.
You visited 1 branch of the dungeon, and saw 5 of its levels.

You collected 313 gold pieces.

Inventory:

Hand Weapons
 a - a +0 war axe
 y - a +0 vorpal war axe (weapon)
Missiles
 m - a throwing net (quivered)
Armour
 b - a +0 scale mail
 c - a +0 buckler (worn)
 e - the +3 scale mail of Fusmeawn (worn) {Str+3}
   (You found it on level 2 of the Dungeon)

   Str:       It affects your strength (+3).
Jewellery
 g - a ring of ice
Wands
 r - a wand of charming (9)
 z - a wand of quicksilver (3)
Scrolls
 f - 4 scrolls of teleportation
 h - a scroll of enchant weapon {unknown}
 i - a scroll of enchant armour {unknown}
 j - a scroll of poison {unknown}
 l - 2 scrolls of silence
 o - 2 scrolls of fear {unknown}
 q - a scroll of blinking {unknown}
 s - a scroll of fog {unknown}
 u - a scroll of summoning {unknown}
Potions
 d - a potion of mutation {unknown}
 k - 2 potions of lignification
 n - a potion of flight
 p - 2 potions of curing
 t - a potion of cancellation
 v - a potion of ambrosia
 w - a potion of heal wounds
 x - a potion of resistance
 A - a potion of attraction {unknown}


   Skills:
 + Level 6.4 Fighting
 * Level 8.0 Axes
 - Level 3.6 Armour
 - Level 3.6 Shields


You had 6 spell levels left.
You didn't know any spells.
Your spell library contained the following spells:

 Spells                   Type           Power      Damage    Failure   Level
 Ensorcelled Hibernation  Hex/Ice        0%         N/A       94%         2
 Passwall                 Tmut/Erth      0%         N/A       94%         2
 Conjure Flame            Conj/Fire      0%         6-21      99%         3
 Ignite Poison            Fire/Tmut/Pois 0%         N/A       99%         3
 Swiftness                Air            0%         N/A       99%         3
 Sticky Flame             Conj/Fire      0%         2d3       100%        4


Dungeon Overview and Level Annotations

Branches:
Dungeon (5/15)
 Temple: D:4-7

Altars:
Kikubaaqudgha
Qazlal
Ru

Shops:
D:4 *


Innate Abilities, Weirdness & Mutations

You have a pair of horns on your head.
You reflexively headbutt those who attack you in melee.


Message History

You barely miss the wyvern.
The wyvern is moderately wounded.
The wyvern completely misses you. You furiously retaliate!
You headbutt the wyvern. You closely miss the wyvern.
The wyvern is heavily wounded.
The wyvern bites you but does no damage.
The wyvern closely misses you.
You hit the wyvern. Your headbutt misses the wyvern.
The wyvern is almost dead.
You block the wyvern's attack. The wyvern bites you.
You closely miss the wyvern.
The wyvern is almost dead.
The wyvern bites you! The wyvern closely misses you.
You hit the wyvern. Your headbutt misses the wyvern.
The wyvern is almost dead.
The wyvern bites you.
You closely miss the wyvern.
The wyvern is almost dead.
The wyvern bites you but does no damage.
The wyvern bites you.
* * * LOW HITPOINT WARNING * * *
You hit the wyvern but do no damage.
The wyvern is severely wounded.
You block the wyvern's attack. The wyvern closely misses you.
You furiously retaliate!
You headbutt the wyvern, but do no damage.
You barely miss the wyvern. Your headbutt misses the wyvern.
The wyvern is severely wounded.
You block the wyvern's attack.
You hit the wyvern.
The wyvern is almost dead.
The wyvern bites you!
* * * LOW HITPOINT WARNING * * *
The wyvern bites you!
* * * LOW HITPOINT WARNING * * *
You barely miss the wyvern.
The wyvern is almost dead.
The wyvern bites you!
You die...

# ..# ########...#
##...#...## #
.....'....# .#
##...####.### ..
.....'......# .#
##...####.#.######..#>.#
#........#.....@l......
#....##################
#....# #....# ......
.....


You could see a wyvern.

Vanquished Creatures
  Sigmund (D:3)
  A phantom (D:5)
  A jelly (D:4)
  A hound (D:4)
  2 iguanas (D:5)
  An orc wizard (D:3)
  7 adders
  4 gnolls (D:2)
  A white imp (D:5)
  An ufetubus (D:4)
  2 worms (D:2)
  10 orcs
  7 bats
  5 endoplasms
  6 giant cockroaches
  6 goblins
  6 hobgoblins
  4 jackals
  3 quokkas
  10 ball pythons
  4 frilled lizards
  5 kobolds
  11 rats
99 creatures vanquished.

Vanquished Creatures (others)
  8 plants (D:2)
8 creatures vanquished.

Grand Total: 107 creatures vanquished

Notes
Turn   | Place    | Note
-------+----------+-------------------------------------------
     0 | D:1      | nightchill the Minotaur Fighter began the quest for the
                  | Orb.
     0 | D:1      | Reached XP level 1. HP: 19/19 MP: 0/0
   130 | D:1      | Reached skill level 3 in Axes
   349 | D:1      | Reached XP level 2. HP: 27/27 MP: 1/1
  1194 | D:2      | Reached XP level 3. HP: 33/33 MP: 2/2
  1195 | D:2      | Reached skill level 4 in Axes
  1451 | D:2      | Identified the +3 scale mail of Fusmeawn {Str+3}
  1565 | D:2      | Reached XP level 4. HP: 41/41 MP: 3/3
  1666 | D:2      | Reached skill level 5 in Axes
  2146 | D:3      | Found a stormy altar of Qazlal.
  2353 | D:3      | Reached XP level 5. HP: 43/47 MP: 4/4
  2366 | D:3      | Reached skill level 5 in Fighting
  2976 | D:3      | Noticed Sigmund
  2981 | D:3      | Killed Sigmund
  2982 | D:3      | Reached skill level 6 in Axes
  2982 | D:3      | Reached XP level 6. HP: 57/57 MP: 5/5
  3680 | D:4      | Reached skill level 7 in Axes
  3825 | D:4      | Found Tikhunko's Fire Supplies.
  3973 | D:4      | Found an ancient bone altar of Kikubaaqudgha.
  4112 | D:5      | Entered Level 5 of the Dungeon
  4123 | D:5      | Reached XP level 7. HP: 60/63 MP: 6/6
  4177 | D:5      | Found a sacrificial altar of Ru.
  4283 | D:5      | Reached skill level 8 in Axes
  4320 | D:5      | Noticed a wyvern
  4331 | D:5      | Slain by a wyvern

Illustrated notes

Levels and vault maps discovered:
D:1:      dpeg_arrival_short_road, layout_basic, minmay_indecisive_spiral
D:2:      layout_rooms, serial_forest, infiniplex_forest_straight_2,
          infiniplex_forest_clump_double, infiniplex_forest_end_2,
          infiniplex_forest_clump_double, infiniplex_forest_straight_4,
          infiniplex_forest_end_3, infiniplex_forest_lined_room_,
          chequers_serial_rivers_micro_d
D:3:      minmay_door_path, layout_loops_ring, nicolae_qazlal_general_emergency,
          nicolae_overflow_hidden_temple, hangedman_abyss_or_decor_lesser_grid,
          kennysheep_big_empty_room, uniq_sigmund
D:4:      layout_layer_cave, mainiacjoe_overflow_surrounded_room,
          nicolae_shop_fire_sale [nicolae_sub_dead_trees]
D:5:      layout_basic, nicolae_ru_the_path_less_chosen, gup_sewer_entry_bowl,
          lightli_corner_chamber, uniq_grinder

Skill      XL: |  1  2  3  4  5  6  7 |
---------------+----------------------+-----
Axes           | 3 4 5 6 7 8 |  8.0
Fighting       | 4 5 6 |  6.4
Armour         | |  3.6
Shields        | |  3.6

Action                   |  1- 3 |  4- 6 |  7- 9 || total
-------------------------+-------+-------+-------++-------
Melee: War axe           |    84 |    89 |    22 ||   195
       Headbutt          |    15 |    10 |     1 ||    26
  Use: Potion            |     1 |     1 |       ||     2
       Scroll            |       |     8 |       ||     8
Armor: Scale mail        |    28 |    47 |     4 ||    79
Dodge: Dodged            |    41 |    26 |    10 ||    77
Block: Buckler           |    21 |    16 |     5 ||    42
